cohdb
Replays
Latest Replays
All Replays
Popular Replays
Top Player Replays
Match Explorer
How It Works
Community
CoH3 Stats
Reddit
Sign in to upload your games and track your stats! →
Sign in with Steam
Match 43727212
Unlisted
Match 43727212
Overview
Messages
Build Orders
End
Construct Barracks
Riflemen Squad
Riflemen Squad
Grenade Package
Engineer Squad
Construct Medical Station
Selects Airborne Battlegroup
Selects Heavy Machine Gun Paradrop
Selects Paratrooper Squad Paradrop
Paratrooper Squad Paradrop
Air Support Center
Riflemen Squad
Paratrooper Squad Paradrop
P-47 Dive Bomb
P-47 Strafing Run
Construct Tank Depot
P-47 Strafing Run
M4A1 Sherman Medium Tank
M4A1 Sherman Medium Tank
M4A1 Sherman Medium Tank
P-47 Dive Bomb
P-47 Strafing Run
M4A1 Sherman Medium Tank
Engineer Squad
M4A1 Sherman Medium Tank
Selects Recon Loiter
Selects Paradrop Reinforcements
Selects Carpet Bombing Run
Recon Loiter
P-47 Dive Bomb
P-47 Strafing Run
M4A1 Sherman Medium Tank
Engineer Squad
P-47 Dive Bomb
M18 Hellcat Tank Destroyer
I Hate Some People
Moltke1871
Frye
Carius
0
0
Comments
sign in to comment!
No comments posted yet!